 Dungeon Crawl Stone Soup version 0.20.1-1-g8b1a95d (webtiles) character file.

91 pstr the Digger (level 4, -1/24 HPs)
             Began as a Kobold Earth Elementalist on Dec 1, 2017.
             Slain by Natasha (6 damage)
             ... on level 3 of the Dungeon.
             The game lasted 00:07:25 (3385 turns).

pstr the Digger (Kobold Earth Elementalist)         Turns: 3385, Time: 00:07:26

Health: -1/24      AC:  3    Str:  5    XL:     4   Next: 88%
Magic:  3/8        EV: 16    Int: 17    God:
Gold:   171        SH:  0    Dex: 15    Spells: 5/9 levels left

rFire    . . .     SeeInvis .   i - +0 dagger (curse)
rCold    . . .     Gourm    +   (shield restricted)
rNeg     . . .     Faith    .   c - +0 robe
rPois    .         Spirit   .   a - +0 hat
rElec    .         Reflect  .   (no cloak)
rCorr    .         Harm     .   m - +0 pair of gloves
MR       .....                  (no boots)
Stlth    ++........             f - amulet of the gourmand
Regen    0.1/turn               (no ring)
MPRegen  0.2/turn               (no ring)

@: no status effects
A: carnivore 3
a: no special abilities


You were on level 3 of the Dungeon.
You were completely stuffed.

You visited 1 branch of the dungeon, and saw 3 of its levels.

You collected 171 gold pieces.

Inventory:

Hand Weapons
 i - a cursed +0 dagger (weapon)
 k - a +2 whip of electrocution
Missiles
 b - 26 stones (quivered)
Armour
 a - a +0 hat (worn)
 c - a +0 robe (worn)
 m - a +0 pair of gloves (worn)
Jewellery
 f - an amulet of the gourmand (around neck)
Scrolls
 h - 2 scrolls of identify
Books
 e - a book of Geomancy

   Spells                             Type                      Level
   a - Sandblast                      Earth                        1
   b - Passwall                       Transmutation/Earth          2
   c - Stone Arrow                    Conjuration/Earth            3
   d - Petrify                        Transmutation/Earth          4
   e - Lee's Rapid Deconstruction     Earth                        5
Comestibles
 d - 2 meat rations


   Skills:
 + Level 0.3 Short Blades
 + Level 3.1 Dodging
 + Level 2.9 Stealth
 + Level 3.2 Spellcasting
 + Level 1.0 Conjurations
   Level 1.0 Transmutations
 + Level 3.9 Earth Magic


You had 5 spell levels left.
You knew the following spells:

 Your Spells              Type           Power        Failure   Level  Hunger
a - Sandblast             Erth           ###...       3%          1    None
b - Stone Arrow           Conj/Erth      ##....       19%         3    ###....


Dungeon Overview and Level Annotations

Branches:
Dungeon (3/15)

Altars:
Yredelemnul

Annotations:
D:2 Robin
D:3 Natasha, Sigmund


Innate Abilities, Weirdness & Mutations

You are small and have problems with some larger weapons.
You are carnivorous and can eat meat at any time.


Message History

The slug dart hits you!
* * * LOW HITPOINT WARNING * * *
Your magical contamination has completely faded away.
A bat and Natasha come into view.
A bat comes into view.
Natasha hisses angrily.
Sigmund the Dreaded comes into view.
He is wielding a scythe.
Sigmund shouts!
The quokka completely misses you.
The quokka bites you but does no damage.
Found a glowing rapier.
A rat comes into view.
The bat misses you.
The quokka twitches its whiskers.
Natasha barely misses you. The bat misses you.
Sigmund hits you from afar with a scythe.
* * * LOW HITPOINT WARNING * * *
Natasha claws you.
You die...

,,,,,**,* #.#*##*,* *,**,,
****,**,** #o#,.,,,* *,**,,
***,,,,,,*** #.#.#**** *,**,,
,,,,,,,*,,,* ##K#.#####**,**,,
***,,,,,,#,* ###.........,,,**,,
* **,**,*#.####....b......,,,,,,,
***,*,*,,r...........#####**,***,
**,***,,,#.##..h.r@###..,,,,,* *,
,,** **,,.......@b..)..#,***,* *,
**,***,**#.##......#####,,**,***,
***,*,,,,..........#*****+****,,,
* **,****#.####.#....*,,,,,,,****
* *** #,* ###.####**,_,***
**********,* #.#***,,,,,,,*
,,,,,,,,,,,* *..,,****+****
************ *##*,,,,,,* ********


You could see Sigmund, Natasha, an orc, a quokka, 2 bats, a kobold and a rat
(sleeping).

Vanquished Creatures
  3 adders (D:2)
  An ooze (D:2)
  2 worms (D:2)
  3 dart slugs
  A leopard gecko (D:2)
  An orc (D:3)
  3 giant cockroaches (D:2)
  2 gnoll zombies (D:2)
  6 goblins
  2 hobgoblins (D:2)
  6 kobolds
  2 quokkas
  7 bats
  3 frilled lizards
  6 rats
  A fungus (D:1)
49 creatures vanquished.

Vanquished Creatures (others)
  A fungus (D:1)
1 creature vanquished.

Grand Total: 50 creatures vanquished

Notes
Turn   | Place    | Note
-------+----------+-------------------------------------------
     0 | D:1      | pstr the Kobold Earth Elementalist began the quest for the Orb.
     0 | D:1      | Reached XP level 1. HP: 10/10 MP: 3/3
   186 | D:1      | Reached XP level 2. HP: 15/15 MP: 3/5
  1037 | D:2      | Reached XP level 3. HP: 16/19 MP: 2/6
  1045 | D:1      | Learned a level 3 spell: Stone Arrow
  1569 | D:2      | Noticed Robin
  2105 | D:2      | Found a basalt altar of Yredelemnul.
  2285 | D:2      | Reached XP level 4. HP: 24/24 MP: 0/8
  2856 | D:2      | Reached skill level 1 in Conjurations
  3360 | D:3      | HP: 1/24 [orc priest/divine providence (12)]
  3380 | D:3      | Noticed Natasha
  3383 | D:3      | Noticed Sigmund
  3385 | D:3      | Slain by Natasha

Skill      XL: |  1  2  3  4 |
---------------+-------------+-----
Spellcasting   | 3 |  3.2
Dodging        | 3 |  3.1
Conjurations   | 1 |  1.0
Short Blades   | |  0.3
Stealth        | |  2.9
Transmutations | |  1.0
Earth Magic    | |  3.9

Action                   |  1- 3 |  4- 6 || total
-------------------------+-------+-------++-------
Melee: Dagger            |    61 |    13 ||    74
 Cast: Sandblast         |    36 |    11 ||    47
       Stone Arrow       |    12 |    17 ||    29
  Use: Scroll            |       |     3 ||     3
       Potion            |       |     1 ||     1
  Eat: Chunk             |    15 |     5 ||    20
Armor: Robe              |     3 |     6 ||     9
Dodge: Dodged            |    19 |    36 ||    55
